TOP OF THE 1ST |
Shreveport Braves batting - Pitching for San Antonio Missions : LHP Jim Deshaies
|
Pitching: LHP Jim Deshaies
|
|
Batting: LHB Rusty McNealy
|
0-0: Swinging Strike 0-1: Ball 1-1: Fly out, F7 (Line Drive, 7, EV 96.9 MPH)
|
Batting: RHB Jeff Matthews
|
0-0: Foul Ball, location: 2F 0-1: Swinging Strike 0-2: Foul Ball, location: 2F 0-2: Strikes out swinging, 2-3 out at first.
|
Batting: LHB Tracy Dophied
|
0-0: Ground out 6-3 (Groundball, 56, EV 93.1 MPH)
|
Top of the 1st over - 0 runs, 0 hits, 0 errors, 0 left on base; Shreveport 0 - San Antonio 0 |
BOTTOM OF THE 1ST |
San Antonio Missions batting - Pitching for Shreveport Braves : RHP Ken Dixon
|
Pitching: RHP Ken Dixon
|
|
Batting: LHB John Elway
|
0-0: Ball 1-0: Called Strike 1-1: Ball 2-1: Called Strike 2-2: Ground out 6-3 (Groundball, 6, EV 86.3 MPH)
|
Batting: RHB Amos Lewis
|
0-0: Ball 1-0: Ball 2-0: Called Strike 2-1: Ball 3-1: Base on Balls
|
Batting: RHB Ed Hearn
|
0-0: Called Strike 0-1: Fly out, F9 (Flyball, 9, EV 89.4 MPH)
|
Batting: RHB Larry Hamilton
|
0-0: Foul Ball, location: 2F 0-1: Swinging Strike 0-2: Fly out, F5 (Popup, 25, EV 83.8 MPH)
|
Bottom of the 1st over - 0 runs, 0 hits, 0 errors, 1 left on base; Shreveport 0 - San Antonio 0 |
TOP OF THE 2ND |
Shreveport Braves batting - Pitching for San Antonio Missions : LHP Jim Deshaies
|
Batting: RHB Glenn Walker
|
0-0: Foul Ball, location: 2F 0-1: SINGLE (Groundball, 56D, EV 98.8 MPH)
|
Batting: SHB Michael Lessard
|
0-0: Ball 1-0: Ball 2-0: Ball 3-0: Base on Balls Glenn Walker to second
|
Batting: RHB Mark Naehring
|
0-0: Ball 1-0: Called Strike 1-1: Called Strike 1-2: Foul Ball, location: 2F 1-2: Ball 2-2: SINGLE (Groundball, 56D, EV 96.9 MPH) Glenn Walker to third Michael Lessard to second Runner from 3rd tries for Home, SAFE, throw by LF to home
|
Batting: RHB Scott Ullger
|
0-0: Ball 1-0: Called Strike 1-1: Ball 2-1: Called Strike 2-2: Foul Ball, location: 2F 2-2: Ball 3-2: Foul Ball, location: 2F 3-2: Ground out U3 (Groundball, 3L, EV 101.9 MPH) Michael Lessard to third Mark Naehring to second
|
Batting: RHB Les Pearsey
|
0-0: Reached on error, E3 (Groundball, 3, EV 101.3 MPH) Michael Lessard scores Mark Naehring to third
|
Batting: LHB Pete Bazan
|
0-0: Ball 1-0: Called Strike 1-1: Ball 2-1: Foul Ball, location: 2F 2-2: Foul Ball, location: 2F 2-2: Foul Ball, location: 2F 2-2: Foul Ball, location: 2F 2-2: Foul Ball, location: 2F 2-2: Foul Ball, location: 2F 2-2: DOUBLE (Line Drive, 3D, EV 94.4 MPH) Mark Naehring scores Les Pearsey to third
|
Batting: LHB Rusty McNealy
|
0-0: Ball 1-0: Ball 2-0: SINGLE (Line Drive, 6MD, EV 98.8 MPH) Les Pearsey scores Pete Bazan to third
|
Batting: RHB Jeff Matthews
|
0-0: Ball 1-0: Ball 2-0: Ball 3-0: Called Strike 3-1: Called Strike 3-2: Foul Ball, location: 2F 3-2: Foul Ball, location: 2F 3-2: SINGLE (Groundball, 34D, EV 107.5 MPH) Pete Bazan scores Rusty McNealy to second Rusty McNealy to third
|
Batting: LHB Tracy Dophied
|
0-0: Foul Ball, location: 2F 0-1: Foul Ball, location: 2F 0-2: Ball 1-2: Ball 2-2: Ball 3-2: Strikes out swinging Jeff Matthews is caught stealing 2nd base 2-6 Batter strikes out.
|
Top of the 2nd over - 5 runs, 5 hits, 1 error, 1 left on base; Shreveport 5 - San Antonio 0 |
BOTTOM OF THE 2ND |
San Antonio Missions batting - Pitching for Shreveport Braves : RHP Ken Dixon
|
Batting: LHB Lee Pruitt
|
0-0: Swinging Strike 0-1: Ball 1-1: Foul Ball, location: 2F 1-2: Strikes out swinging
|
Batting: LHB John D Morris
|
0-0: Called Strike 0-1: Ball 1-1: Ball 2-1: Foul Ball, location: 2F 2-2: Ball 3-2: Base on Balls
|
Batting: LHB Jerold Johnston
|
0-0: Grounds into double play, 4-6-3 (Groundball, 4, EV 84.4 MPH)
|
Bottom of the 2nd over - 0 runs, 0 hits, 0 errors, 0 left on base; Shreveport 5 - San Antonio 0 |
TOP OF THE 3RD |
Shreveport Braves batting - Pitching for San Antonio Missions : LHP Jim Deshaies
|
Batting: RHB Glenn Walker
|
0-0: Ball 1-0: Foul Ball, location: 2F 1-1: Ball 2-1: Ball 3-1: Called Strike 3-2: Fly out, F3 (Popup, 34S, EV 80.0 MPH)
|
Batting: SHB Michael Lessard
|
0-0: Ball 1-0: Called Strike 1-1: Swinging Strike 1-2: Foul Ball, location: 2F 1-2: Ground out U3 (Groundball, 34, EV 92.5 MPH)
|
Batting: RHB Mark Naehring
|
0-0: Ball 1-0: Ball 2-0: Ball 3-0: Called Strike 3-1: Fly out, F7 (Flyball, 7S, EV 82.5 MPH)
|
Top of the 3rd over - 0 runs, 0 hits, 0 errors, 0 left on base; Shreveport 5 - San Antonio 0 |
BOTTOM OF THE 3RD |
San Antonio Missions batting - Pitching for Shreveport Braves : RHP Ken Dixon
|
Batting: LHB Matt Nokes
|
0-0: Ball 1-0: Called Strike 1-1: Fly out, F7 (Flyball, 7, EV 94.4 MPH)
|
Batting: RHB Houston Jimenez
|
0-0: Called Strike 0-1: Ball 1-1: Ball 2-1: Foul Ball, location: 2F 2-2: Ground out 6-3 (Groundball, 56, EV 101.3 MPH)
|
Batting: LHB John Elway
|
0-0: Foul Ball, location: 2F 0-1: Foul Ball, location: 2F 0-2: Fly out, F8 (Line Drive, 8RD, EV 95.6 MPH)
|
Bottom of the 3rd over - 0 runs, 0 hits, 0 errors, 0 left on base; Shreveport 5 - San Antonio 0 |
TOP OF THE 4TH |
Shreveport Braves batting - Pitching for San Antonio Missions : LHP Jim Deshaies
|
Batting: RHB Scott Ullger
|
0-0: Called Strike 0-1: Foul Ball, location: 2F 0-2: DOUBLE (Line Drive, 9LS, EV 88.1 MPH)
|
Batting: RHB Les Pearsey
|
0-0: Ball 1-0: Ball 2-0: Foul Ball, location: 2F 2-1: Reached on error, E4 (Groundball, 4MS, EV 89.4 MPH) Scott Ullger scores
|
Batting: LHB Pete Bazan
|
0-0: Ball 1-0: Fly out, F2 (Popup, 2LF, EV 88.8 MPH)
|
Batting: LHB Rusty McNealy
|
0-0: Ball 1-0: Ball 2-0: Fly out, F7 (Flyball, 78D, EV 96.3 MPH) Runner from 2nd tags up, SAFE at 3rd with throw by LF
|
Batting: RHB Jeff Matthews
|
0-0: Ground out 4-3 (Groundball, 34, EV 86.9 MPH)
|
Top of the 4th over - 1 run, 1 hit, 1 error, 1 left on base; Shreveport 6 - San Antonio 0 |
BOTTOM OF THE 4TH |
San Antonio Missions batting - Pitching for Shreveport Braves : RHP Ken Dixon
|
Batting: RHB Amos Lewis
|
0-0: SINGLE (Groundball, 4MD, EV 101.3 MPH) (infield hit)
|
Batting: RHB Ed Hearn
|
0-0: Foul Ball, location: 2F 0-1: Foul Ball, location: 2F 0-2: Foul Ball, location: 2F 0-2: Ball 1-2: 2-RUN HOME RUN (Flyball, 7D, EV 105.0 MPH), Distance : 358 ft
|
Batting: RHB Larry Hamilton
|
0-0: Foul Ball, location: 2F 0-1: Called Strike 0-2: Foul Ball, location: 2F 0-2: Ball 1-2: Strikes out swinging, 2-3 out at first.
|
Batting: LHB Lee Pruitt
|
0-0: Called Strike 0-1: Foul Ball, location: 2F 0-2: Foul Ball, location: 2F 0-2: Ball 1-2: Ball 2-2: Ground out 5-3 (Groundball, 56, EV 106.9 MPH)
|
Batting: LHB John D Morris
|
0-0: Foul Ball, location: 2F 0-1: Swinging Strike 0-2: Ball 1-2: Ball 2-2: Fly out, F9 (Line Drive, 9, EV 95.6 MPH)
|
Bottom of the 4th over - 2 runs, 2 hits, 0 errors, 0 left on base; Shreveport 6 - San Antonio 2 |
TOP OF THE 5TH |
Shreveport Braves batting - Pitching for San Antonio Missions : LHP Jim Deshaies
|
Batting: LHB Tracy Dophied
|
0-0: Ball 1-0: Fly out, F8 (Flyball, 78XD, EV 100.6 MPH)
|
Batting: RHB Glenn Walker
|
0-0: Called Strike 0-1: SINGLE (Groundball, 25, EV 72.5 MPH) (infield hit)
|
Batting: SHB Michael Lessard
|
0-0: Ball 1-0: Fly out, F8 (Flyball, 89D, EV 101.9 MPH)
|
Pitching: LHP John Hills
|
|
Batting: RHB Mark Naehring
|
0-0: Ball 1-0: Fly out, F8 (Flyball, 8LM, EV 96.9 MPH)
|
Top of the 5th over - 0 runs, 1 hit, 0 errors, 1 left on base; Shreveport 6 - San Antonio 2 |
BOTTOM OF THE 5TH |
San Antonio Missions batting - Pitching for Shreveport Braves : RHP Ken Dixon
|
Batting: LHB Jerold Johnston
|
0-0: Called Strike 0-1: Ball 1-1: Foul Ball, location: 2F 1-2: Ball 2-2: Ball 3-2: Base on Balls
|
Batting: LHB Matt Nokes
|
0-0: SINGLE (Line Drive, 9S, EV 90.0 MPH) Jerold Johnston to second
|
Batting: RHB Houston Jimenez
|
0-0: Called Strike 0-1: Foul Ball, location: 2F 0-2: Reached via error on a dropped throw from P, E6 (Groundball, 34S, EV 65.0 MPH) Jerold Johnston to third Matt Nokes to second
|
Batting: LHB John Elway
|
0-0: Foul Ball, location: 2F 0-1: Swinging Strike 0-2: Foul Ball, location: 2F 0-2: Strikes out swinging
|
Batting: RHB Amos Lewis
|
0-0: Ball 1-0: Foul Ball, location: 2F 1-1: Called Strike 1-2: Ball 2-2: Fly out, F7 (Line Drive, 7D, EV 91.3 MPH) Runner from 3rd tags up, SCORES, no throw by LF Matt Nokes to third
|
Batting: RHB Ed Hearn
|
0-0: Ball 1-0: Ball 2-0: Called Strike 2-1: Ball 3-1: Fly out, F8 (Flyball, 8LXD, EV 95.0 MPH)
|
Bottom of the 5th over - 1 run, 1 hit, 1 error, 2 left on base; Shreveport 6 - San Antonio 3 |
TOP OF THE 6TH |
Shreveport Braves batting - Pitching for San Antonio Missions : LHP John Hills
|
Batting: RHB Scott Ullger
|
0-0: Called Strike 0-1: Ball 1-1: Reached on error, E6 (Groundball, 56, EV 87.5 MPH)
|
Batting: RHB Les Pearsey
|
0-0: Ball 1-0: Fly out, F7 (Flyball, 7S, EV 85.0 MPH)
|
Batting: LHB Pete Bazan
|
0-0: SINGLE (Groundball, 34D, EV 105.0 MPH) Scott Ullger to second Runner from 2nd tries for 3rd, SAFE, no throw by RF
|
Batting: LHB Rusty McNealy
|
0-0: TRIPLE (Line Drive, 8RXD, EV 103.1 MPH) Scott Ullger scores Pete Bazan scores
|
Batting: RHB Jeff Matthews
|
0-0: Ball 1-0: Called Strike 1-1: Foul Ball, location: 2F 1-2: Ball 2-2: Strikes out swinging
|
Batting: LHB Tracy Dophied
|
0-0: Ball 1-0: Ball 2-0: Called Strike 2-1: Called Strike 2-2: Strikes out swinging
|
Top of the 6th over - 2 runs, 2 hits, 1 error, 1 left on base; Shreveport 8 - San Antonio 3 |
BOTTOM OF THE 6TH |
San Antonio Missions batting - Pitching for Shreveport Braves : RHP Ken Dixon
|
Batting: RHB Larry Hamilton
|
0-0: Called Strike 0-1: Swinging Strike 0-2: Ball 1-2: Fly out, F8 (Line Drive, 8RD, EV 95.0 MPH)
|
Batting: LHB Lee Pruitt
|
0-0: Called Strike 0-1: Foul Ball, location: 2F 0-2: Ball 1-2: Ball 2-2: Strikes out swinging
|
Batting: LHB John D Morris
|
0-0: Ball 1-0: SINGLE (Groundball, 6M, EV 89.4 MPH) (infield hit)
|
Batting: LHB Jerold Johnston
|
0-0: Ball 1-0: Ball 2-0: Fly out, F8 (Line Drive, 8RM, EV 95.6 MPH)
|
Bottom of the 6th over - 0 runs, 1 hit, 0 errors, 1 left on base; Shreveport 8 - San Antonio 3 |
TOP OF THE 7TH |
Shreveport Braves batting - Pitching for San Antonio Missions : LHP John Hills
|
Batting: RHB Glenn Walker
|
0-0: Ground out 5-3 (Groundball, 5, EV 95.0 MPH)
|
Batting: SHB Michael Lessard
|
0-0: Called Strike 0-1: Ball 1-1: Ground out 4-3 (Groundball, 4, EV 92.5 MPH)
|
Batting: RHB Mark Naehring
|
0-0: Called Strike 0-1: Called Strike 0-2: Fly out, F9 (Flyball, 89D, EV 95.0 MPH)
|
Top of the 7th over - 0 runs, 0 hits, 0 errors, 0 left on base; Shreveport 8 - San Antonio 3 |
BOTTOM OF THE 7TH |
San Antonio Missions batting - Pitching for Shreveport Braves : RHP Ken Dixon
|
Batting: LHB Matt Nokes
|
0-0: Called Strike 0-1: Ball 1-1: Ball 2-1: Ground out U3 (Groundball, 3, EV 83.8 MPH)
|
Batting: RHB Houston Jimenez
|
0-0: Ground out 5-3 (Groundball, 5, EV 88.8 MPH)
|
Batting: LHB John Elway
|
0-0: Ball 1-0: Foul Ball, location: 2F 1-1: Foul Ball, location: 2F 1-2: Ball 2-2: Ball 3-2: Foul Ball, location: 2F 3-2: SINGLE (Line Drive, 89S, EV 101.9 MPH)
|
Batting: RHB Amos Lewis
|
0-0: Ball 1-0: Ball 2-0: Ball 3-0: Called Strike 3-1: Base on Balls John Elway to second
|
Batting: RHB Ed Hearn
|
0-0: Foul Ball, location: 2F 0-1: Ground out 4-3 (Groundball, 34, EV 82.5 MPH)
|
Bottom of the 7th over - 0 runs, 1 hit, 0 errors, 2 left on base; Shreveport 8 - San Antonio 3 |
TOP OF THE 8TH |
Shreveport Braves batting - Pitching for San Antonio Missions : LHP John Hills
|
Batting: RHB Scott Ullger
|
0-0: Ball 1-0: Foul Ball, location: 2F 1-1: Ground out U3 (Groundball, 3S, EV 86.3 MPH)
|
Batting: RHB Les Pearsey
|
0-0: Called Strike 0-1: Called Strike 0-2: Ground out 6-3 (Groundball, 6, EV 85.6 MPH)
|
Batting: LHB Pete Bazan
|
0-0: Called Strike 0-1: SINGLE (Groundball, 4MD, EV 102.5 MPH)
|
Batting: LHB Rusty McNealy
|
0-0: Ground out 4-3 (Groundball, 4, EV 79.4 MPH)
|
Top of the 8th over - 0 runs, 1 hit, 0 errors, 1 left on base; Shreveport 8 - San Antonio 3 |
BOTTOM OF THE 8TH |
San Antonio Missions batting - Pitching for Shreveport Braves : RHP Ken Dixon
|
Batting: RHB Larry Hamilton
|
0-0: Ball 1-0: Ball 2-0: Foul Ball, location: 2F 2-1: Foul Ball, location: 2F 2-2: Foul Ball, location: 2F 2-2: Foul Ball, location: 2F 2-2: Ball 3-2: SINGLE (Line Drive, 34, EV 98.1 MPH)
|
Batting: LHB Lee Pruitt
|
0-0: Foul Ball, location: 2F 0-1: Foul Ball, location: 2F 0-2: Fly out, F6 (Popup, 15, EV 83.8 MPH)
|
Batting: LHB John D Morris
|
0-0: Ball 1-0: Ball 2-0: Ball 3-0: Base on Balls Larry Hamilton to second
|
Batting: LHB Jerold Johnston
|
0-0: Foul Ball, location: 2F 0-1: Ball 1-1: Ball 2-1: Ball 3-1: Foul Ball, location: 2F 3-2: Foul Ball, location: 2F 3-2: Base on Balls Larry Hamilton to third John D Morris to second
|
Pitching: RHP Albert Paglione
|
|
Batting: LHB Matt Nokes
|
0-0: Foul Ball, location: 2F 0-1: Fly out, F7 (Flyball, 7S, EV 77.5 MPH)
|
Batting: RHB Houston Jimenez
|
0-0: Ball 1-0: Ball 2-0: Called Strike 2-1: Called Strike 2-2: Ball 3-2: DOUBLE (Flyball, 89D, EV 93.1 MPH) Larry Hamilton scores John D Morris scores Jerold Johnston to third Jerold Johnston scores
|
Batting: LHB John Elway
|
0-0: Ball 1-0: Ball 2-0: Ground out U3 (Groundball, 3S, EV 85.6 MPH)
|
Bottom of the 8th over - 3 runs, 2 hits, 0 errors, 1 left on base; Shreveport 8 - San Antonio 6 |
TOP OF THE 9TH |
Shreveport Braves batting - Pitching for San Antonio Missions : LHP John Hills
|
Batting: RHB Jeff Matthews
|
0-0: Ball 1-0: Ball 2-0: Ground out 1-3 (Groundball, 13S, EV 74.4 MPH)
|
Batting: LHB Tracy Dophied
|
0-0: Called Strike 0-1: Foul Ball, location: 2F 0-2: Foul Ball, location: 2F 0-2: Foul Ball, location: 2F 0-2: Ball 1-2: Fly out, F7 (Flyball, 7, EV 83.1 MPH)
|
Batting: RHB Glenn Walker
|
0-0: Foul Ball, location: 2F 0-1: Swinging Strike 0-2: Strikes out looking
|
Top of the 9th over - 0 runs, 0 hits, 0 errors, 0 left on base; Shreveport 8 - San Antonio 6 |
BOTTOM OF THE 9TH |
San Antonio Missions batting - Pitching for Shreveport Braves : RHP Albert Paglione
|
Pitching: LHP Lee Belanger
|
|
Batting: RHB Amos Lewis
|
0-0: Ball 1-0: Called Strike 1-1: Foul Ball, location: 2F 1-2: Ball 2-2: SOLO HOME RUN (Flyball, 7D, EV 115.0 MPH), Distance : 369 ft
|
Batting: RHB Ed Hearn
|
0-0: Reached on error, E4 (Groundball, 4S, EV 68.1 MPH)
|
Pinch Runner at 1st Jose Moreno:
|
|
Batting: RHB Larry Hamilton
|
0-0: Ball 1-0: Foul Ball, location: 2F 1-1: Foul Ball, location: 2F 1-2: Ball 2-2: Grounds into double play, 5-4-3 (Groundball, 56S, EV 90.0 MPH)
|
Batting: RHB Andrew Walker
|
0-0: Called Strike 0-1: Ball 1-1: SINGLE (Flyball, 89D, EV 96.9 MPH)
|
Batting: LHB John D Morris
|
Pickoff Throw to First - Out! 1-3
|
Bottom of the 9th over - 1 run, 2 hits, 1 error, 0 left on base; Shreveport 8 - San Antonio 7 |
|